 Dungeon Crawl Stone Soup version 0.27.1-34-g3ba077fa99 (webtiles) character file.

Game seed: 818769638191639003

73 Dormantt the Cudgeller (level 4, -1/37 HPs)
             Began as a Palentonga Monk on Jan 26, 2022.
             Slain by an orc (5 damage)
             ... on level 3 of the Dungeon.
             The game lasted 00:02:28 (1947 turns).

Dormantt the Cudgeller (Palentonga Monk)            Turns: 1947, Time: 00:02:29

Health: -1/37      AC:  4    Str: 16    XL:     4   Next: 8%
Magic:  4/4        EV: 10    Int: 10    God:
Gold:   86         SH:  0    Dex: 12    Spells: 3/3 levels left

rFire    . . .     SeeInvis +   a - +0 mace
rCold    . . .     Faith    .   (no shield)
rNeg     . . .     Spirit   .   b - +0 robe
rPois    .         Reflect  .   (no helmet)
rElec    .         Harm     .   (no cloak)
rCorr    .         Rampage  .   (no gloves)
Will     .....                  (no barding)
Stlth    ++........             (no amulet)
HPRegen  0.12/turn              (no ring)
MPRegen  0.09/turn              (no ring)

@: no status effects
A: large, rugged brown scales 3, see invisible, deformed body, roll 1, armoured
tail
a: Rolling Charge


You were on level 3 of the Dungeon.
You visited 1 branch of the dungeon, and saw 3 of its levels.

You collected 86 gold pieces.

Inventory:

Hand Weapons
 a - a +0 mace (weapon)
Armour
 b - a +0 robe (worn)
Scrolls
 f - a scroll of immolation {unknown}
 h - 2 scrolls of identify {unknown}
 i - 2 scrolls of noise {unknown}
 j - a scroll of brand weapon {unknown}
Potions
 c - a potion of brilliance {unknown}
 d - a potion of haste {unknown}
 e - a potion of magic {unknown}
 g - a potion of lignification {unknown}


   Skills:
 + Level 3.4 Fighting
 * Level 3.9 Maces & Flails
 + Level 2.8 Dodging
 + Level 1.8 Stealth


You had 3 spell levels left.
You didn't know any spells.
Your spell library contained the following spells:

 Spells                   Type           Power      Damage    Failure   Level
 Sublimation of Blood     Necr           0%         N/A       50%         2
 Wereblood                Tmut           0%         N/A       50%         2
 Summon Hydra             Summ           0%         N/A       100%        7


Dungeon Overview and Level Annotations

Branches:
Dungeon (3/15)

Altars:
Trog


Innate Abilities, Weirdness & Mutations

You are completely covered in rugged brown scales. (AC +3, +7% HP)
You have supernaturally acute eyesight. (SInv)
Armour fits poorly on your strangely shaped body.
You can roll at nearby foes to attack.
You have a long armoured tail.


Message History

The adder is moderately wounded.
The adder bites you.
You sock the adder!
The adder is almost dead.
The adder bites you.
You are poisoned.
The adder poisons you! The adder barely misses you.
You hit the adder.
You kill the adder!
You feel sick.
You have reached level 4!
You feel stronger.
You feel sick.
You feel sick.
You feel sick.
You are no longer poisoned.
Things that are here:
a +0 short sword; a kobold corpse
There is a stone staircase leading down here.
An orc comes into view. It is wielding a +0 hand axe.
An orc is nearby!
An orc priest comes into view. It is wielding a +0 club.
The orc shouts!
The orc priest shouts!
The orc priest casts a cantrip, but nothing happens.
An orc comes into view. It is wielding a +0 whip.
The orc shouts!
You hit the orc.
The orc is severely wounded.
The orc hits you but does no damage.
The orc priest invokes the aid of Beogh against you.
Beogh smites you!
The orc priest miscasts a cantrip.
The orc priest mumbles some strange prayers to Beogh against you.
Beogh smites you!
The orc priest invokes the aid of Beogh against you.
Beogh smites you!
* * * LOW HITPOINT WARNING * * *
There is a stone staircase leading up here.
The orc hits you with a +0 hand axe.
You die...

###..........#### ##.# #....
#.###.........########..# #....
###.###.......#........#.## #....
o........o....#..........# #)...
#..#####.....##.........#####....
..######.....#####..###.##>...###
##.................####.#..####
...####.......########....##
..........o....o@......####
.#######.....#.######### ##
######......# #.......>..##
####.......##.##
#..........##..##
..##.......#....##
.###.........##..####
...........###......#


You could see an orc priest and an orc.

Vanquished Creatures
  2 adders
  2 dart slugs
  7 endoplasms
  4 giant cockroaches
  6 goblins
  2 hobgoblins
  6 kobolds
  3 quokkas
  4 ball pythons
  6 bats (D:1)
  5 rats
47 creatures vanquished.

Notes
Turn   | Place    | Note
-------+----------+-------------------------------------------
     0 | D:1      | Dormantt the Palentonga Monk began the quest for the Orb.
     0 | D:1      | Reached XP level 1. HP: 19/19 MP: 1/1
   226 | D:1      | Reached XP level 2. HP: 20/25 MP: 2/2
   783 | D:1      | Found a faded altar of an unknown god.
   902 | D:1      | Reached XP level 3. HP: 28/31 MP: 3/3
  1132 | D:2      | Found a bloodstained altar of Trog.
  1825 | D:3      | Reached XP level 4. HP: 31/37 MP: 4/4
  1947 | D:3      | Slain by an orc

Illustrated notes

Levels and vault maps discovered:
D:1:      matt_arrival_grand_opening, layout_basic,
          shapermc_ecumenical_altar_ellora, minmay_tetromino_i2
D:2:      layout_rooms, basic_altar
D:3:      layout_rooms

Action                   |  1- 3 |  4- 6 || total
-------------------------+-------+-------++-------
Melee: Mace              |   114 |     1 ||   115
       Tailslap          |    12 |       ||    12
 Abil: Rolling Charge    |    17 |       ||    17
 Stab: Sleeping          |     1 |       ||     1
Armor: Robe              |    56 |     1 ||    57
Dodge: Dodged            |    74 |       ||    74
